 Dungeon Crawl Stone Soup version 0.31.0-32-g396128a36d (webtiles) character file.

Game seed: 6595935076107446329

1638 Logoto the Chopper (level 8, -4/70 HPs)
             Began as a Purple Draconian Berserker on Mar 25, 2024.
             Was a Believer of Trog.
             Killed by divine providence
             ... invoked by an orc priest
              (12 damage)
             ... on level 7 of the Dungeon.
             The game lasted 00:14:52 (6950 turns).

Logoto the Chopper (Purple Draconian Berserker)     Turns: 6950, Time: 00:14:53

Health: -4/70      AC:  7    Str: 20    XL:     8   Next: 66%
Magic:  8/8        EV: 14    Int:  8    God:    Trog [**....]
Gold:   277        SH:  4    Dex: 14    Spells: 7/7 levels left

rFire   . . .        x - +0 war axe
rCold   . . .        o - +0 buckler
rNeg    . . .        (body armour unavailable)
rPois   .            (helmet restricted)
rElec   .            (no cloak)
rCorr   .            (no gloves)
SInv    .            (no boots)
Will    +....        (no amulet)
Stlth   ++           (no ring)
HPRegen 0.31/turn    (no ring)
MPRegen 0.11/turn

%: no passive effects
@: on berserk cooldown, slowed, very slow
A: breathe power, AC +6, unfitting armour, cold-blooded, agile 1, shaggy fur 1,
wild magic 1
a: Breathe Dispelling Energy, Renounce Religion, Berserk, Trog's Hand


You were on level 7 of the Dungeon.
You worshipped Trog.
Trog was pleased with you.
You visited 1 branch of the dungeon, and saw 7 of its levels.

You collected 277 gold pieces.

Inventory:

Hand Weapons
 x - a +0 war axe (weapon)
Armour
 o - a +0 buckler (worn)
Jewellery
 m - a ring of positive energy
 s - a +6 ring of dexterity
 v - a +4 ring of protection
 w - a ring of poison resistance
Wands
 q - a wand of light (5)
 t - a wand of flame (7)
Scrolls
 d - 2 scrolls of enchant armour {unknown}
 e - 4 scrolls of teleportation
 f - 3 scrolls of noise {unknown}
 g - 4 scrolls of identify {unknown}
 h - 4 scrolls of revelation {unknown}
 i - 3 scrolls of fog {unknown}
 n - a scroll of amnesia {unknown}
 p - a scroll of torment {unknown}
 u - 2 scrolls of immolation {unknown}
Potions
 b - 2 potions of curing
 c - a potion of mutation
 j - a potion of heal wounds
 k - a potion of lignification {unknown}
 l - a potion of brilliance {unknown}
 r - a potion of berserk rage {unknown}


   Skills:
 + Level 5.8 Fighting
 + Level 7.7 Axes
 + Level 6.1 Dodging
 + Level 2.3 Stealth
 + Level 2.5 Shields


You had 7 spell levels left.
You didn't know any spells.
Your spell library was empty.

Dungeon Overview and Level Annotations

Branches:
Dungeon (7/15)
 Temple: D:4-7

Altars:
Ashenzari
Cheibriados
Elyvilon
Fedhas
Vehumet
Xom


Innate Abilities, Weirdness & Mutations

You can breathe bolts of dispelling energy.
Your rich purple scales are hard. (AC +6)
You cannot fit into any form of body armour.
You are cold-blooded and may be slowed by cold attacks.
You are agile. (Dex +4, Str/Int -1)
You are covered in fur. (AC +1)
Your spells are a little harder to cast, but a little more powerful.


Message History

You feel yourself moving faster!
You feel mighty!
The orc warrior hits you but does no damage.
You completely miss the orc warrior.
You tail-slap the orc warrior, but do no damage.
You block the orc warrior's attack.
You hit the orc warrior.
The orc warrior is lightly wounded.
You barely miss the orc warrior.
The orc warrior is lightly wounded.
The orc warrior hits you with a +0 trident.
You hit the orc warrior.
The orc warrior is moderately wounded.
The orc warrior hits you with a +0 trident.
The orc priest begins to cast a cantrip, but forgets the words!
You barely miss the orc warrior.
The orc warrior is moderately wounded.
The orc shouts!
The orc warrior hits you with a +0 trident!
You barely miss the orc warrior. You tail-slap the orc warrior!
The orc warrior is heavily wounded.
The orc warrior barely misses you.
You completely miss the orc warrior.
The orc warrior is heavily wounded.
The orc priest begins to cast a cantrip, but forgets the words!
The orc warrior closely misses you.
The orc priest calls upon Beogh to heal the orc warrior.
The orc warrior is healed somewhat.
You feel a strong urge to attack something.
The orc priest invokes the aid of Beogh against you.
Beogh smites you!
* * * LOW HITPOINT WARNING * * *
You are no longer berserk.
You are exhausted.
You feel yourself slow down.
The orc warrior attacks as it pursues you!
The orc warrior hits you from afar with a +0 trident!
* * * LOW HITPOINT WARNING * * *
The orc priest invokes the aid of Beogh against you.
Beogh smites you!
You die...

######### #.......#
#....<..# #.......#
##########
#.....@.######.....##..
#.....)..o.)oo.........
#.....#######o.........
####### #..........
#.....>.... #..........
#...........
#...........
.........()..


You could see an orc warrior, an orc priest and 2 orcs.

Vanquished Creatures
  2 black bears (D:5)
  An ice beast (D:6)
  An ogre (D:5)
  2 centaurs
  4 scorpions
  A gnoll sergeant (D:6)
  A bullfrog (D:7)
  3 bombardier beetles
  5 hounds
  2 jellies
  An orc priest (D:6)
  A sleepcap (D:6)
  Natasha (thrice) (D:4)
  4 iguanas
  2 orc wizards (D:6)
  3 gnolls (D:6)
  4 adders
  A shadow imp (D:4)
  A white imp (D:6)
  A dart slug (D:5)
  3 ribbon worms
  14 orcs
  5 ball pythons
  8 endoplasms
  3 giant cockroaches
  2 goblins
  7 hobgoblins
  5 jackals
  7 kobolds
  4 quokkas
  9 bats
  4 frilled lizards
  5 rats
119 creatures vanquished.

Notes
Turn   | Place    | Note
-------+----------+-------------------------------------------
     0 | D:1      | Logoto the Draconian Berserker began the quest for the Orb.
     0 | D:1      | Reached XP level 1. HP: 19/19 MP: 1/1
    69 | D:1      | Reached XP level 2. HP: 26/26 MP: 2/2
   854 | D:2      | Reached XP level 3. HP: 32/32 MP: 3/3
   910 | D:2      | Reached ** piety under Trog
  1862 | D:3      | Found a snail-covered altar of Cheibriados.
  1862 | D:3      | Found a white marble altar of Elyvilon.
  1864 | D:3      | Found a blossoming altar of Fedhas.
  1865 | D:3      | Found a shimmering altar of Xom.
  2028 | D:3      | Found a broken altar of Ashenzari.
  2033 | D:3      | Saw a vision of the Shoals and the Spider Nest.
  2033 | D:3      | Noticed a pharaoh ant
  2033 | D:3      | Noticed a jumping spider
  2033 | D:3      | Noticed a water elemental
  2033 | D:3      | Noticed a boulder beetle
  2033 | D:3      | Noticed a wind drake
  2033 | D:3      | Noticed a demonic crawler
  2033 | D:3      | Noticed a manticore
  2033 | D:3      | Noticed a skyshark
  2033 | D:3      | Noticed a wolf spider
  2033 | D:3      | Noticed a culicivora
  2033 | D:3      | Noticed a merfolk javelineer
  2033 | D:3      | Noticed a steelbarb worm
  2033 | D:3      | Noticed a demonic crawler
  2033 | D:3      | Noticed an entropy weaver
  2033 | D:3      | Noticed a sea snake
  2033 | D:3      | Noticed a jumping spider
  2033 | D:3      | Noticed a merfolk siren
  2033 | D:3      | Noticed an entropy weaver
  2033 | D:3      | Noticed a tarantella
  2033 | D:3      | Noticed a merfolk impaler
  2033 | D:3      | Noticed a tarantella
  2033 | D:3      | Noticed a merfolk
  2034 | D:3      | Noticed a boulder beetle
  2034 | D:3      | Noticed a snapping turtle
  2034 | D:3      | Noticed a merfolk
  2035 | D:3      | Noticed a culicivora
  2035 | D:3      | Noticed a tarantella
  2220 | D:3      | Reached XP level 4. HP: 37/40 MP: 4/4
  2326 | D:4      | Noticed a scorpion
  2335 | D:4      | Killed a scorpion
  2336 | D:4      | Reached skill level 4 in Axes
  2336 | D:4      | Reached XP level 5. HP: 46/46 MP: 5/5
  2724 | D:4      | Noticed Natasha
  2735 | D:4      | Gained mutation: You are agile. (Dex +4, Str/Int -1)
                  | [potion of mutation]
  2735 | D:4      | Gained mutation: Your spells are a little harder to cast,
                  | but a little more powerful. [potion of mutation]
  2735 | D:4      | Gained mutation: You are covered in fur. (AC +1) [potion of
                  | mutation]
  2740 | D:4      | Killed Natasha
  2882 | D:4      | Noticed Natasha
  2887 | D:4      | Killed Natasha
  2942 | D:4      | Reached skill level 5 in Axes
  2942 | D:4      | Reached XP level 6. HP: 49/52 MP: 6/6
  2946 | D:4      | Reached skill level 1 in Stealth
  3320 | D:4      | Noticed Natasha
  3325 | D:4      | Killed Natasha
  3731 | D:5      | Entered Level 5 of the Dungeon
  3753 | D:5      | Found a radiant altar of Vehumet.
  3759 | D:5      | Your scales start taking on a rich purple colour.
  3759 | D:5      | Reached XP level 7. HP: 60/60 MP: 7/7
  3776 | D:5      | Reached skill level 1 in Shields
  3980 | D:5      | Reached skill level 6 in Axes
  3980 | D:5      | Reached skill level 5 in Dodging
  4027 | D:5      | Reached skill level 5 in Fighting
  5299 | D:6      | Reached XP level 8. HP: 68/68 MP: 8/8
  5806 | D:6      | Reached skill level 7 in Axes
  6950 | D:7      | Killed from afar by an orc priest

Illustrated notes

Levels and vault maps discovered:
D:1:      psy_arrival_spokes, layout_loops_ring, minmay_surrounded
D:2:      layout_basic
D:3:      layout_loops_ring, chequers_temple_overflow_statue_of_worship,
          grunt_ashenzari_visionary [grunt_ashenzari_visionary_shoals,
          grunt_ashenzari_visionary_spider]
D:4:      layout_loops_ring, serial_library,
          serial_library_hellmonk_statue_hall,
          serial_library_hellmonk_hallway_b, serial_library_hellmonk_room_b,
          serial_library_hellmonk_hallway_b, serial_library_hellmonk_metal_room,
          serial_library_hellmonk_room_c, serial_library_hellmonk_hallway_a,
          hangedman_abyss_or_decor_lesser_grid, uniq_natasha
D:5:      layout_loops_corners, mainiacjoe_overflow_24_doors,
          cheibrodos_sewer_entry_sluice
D:6:      layout_basic
D:7:      layout_rooms, mainiacjoe_overflow_alcove_1, minmay_temple_entry_waves,
          nrook_campfire, eino_jars

Skill      XL: |  1  2  3  4  5  6  7  8 |
---------------+-------------------------+-----
Dodging        | 3 4 5 6 |  6.1
Fighting       | 4 5 |  5.8
Axes           | 4 5 6 7 |  7.7
Stealth        | 1 2 |  2.3
Shields        | 1 2 |  2.5

Action                     |  1- 3 |  4- 6 |  7- 9 || total
---------------------------+-------+-------+-------++-------
  Melee: Hand axe          |   123 |   113 |   216 ||   452
         Tailslap          |     8 |    24 |    41 ||    73
         Unarmed           |       |     1 |       ||     1
         War axe           |       |       |    16 ||    16
 Invoke: Berserk           |     2 |     9 |    19 ||    30
    Use: Potion            |       |     4 |       ||     4
         Scroll            |       |     1 |       ||     1
   Stab: Distracted        |       |       |     1 ||     1
         Sleeping          |       |       |     1 ||     1
 Armour: Skin              |    79 |    74 |   160 ||   313
  Dodge: Dodged            |    90 |    59 |   154 ||   303
  Block: Buckler           |     2 |    15 |    56 ||    73
